 Dungeon Crawl Stone Soup version 0.32-a0-918-g0f22ef8d61 (webtiles) character file.

Game seed: 2543605335431126609

7375 inmateoo the Spear-Bearer (level 11, -5/115 HPs)
             Began as a Coglin Gladiator on Apr 10, 2024.
             Was a Believer of Hepliaklqana.
             Killed from afar by a gargoyle (15 damage)
             ... with a stone arrow
             ... on level 10 of the Dungeon.
             The game lasted 00:09:27 (8494 turns).

inmateoo the Spear-Bearer (Coglin Gladiator)        Turns: 8494, Time: 00:09:27

Health: -5/115     AC: 15    Str: 18    XL:     11   Next: 14%
Magic:  11/11      EV: 13    Int:  8    God:    Hepliaklqana [**....]
Gold:   528        SH:  0    Dex: 16    Spells: 10/10 levels left

rFire   + . .        a - +0 trident {Baqqanum}
rCold   . . .        l - +1 whip (elec) {Shatamurrim}
rNeg    . . .        y - +2 ring mail {rF+}
rPois   .            h - +2 hat
rElec   .            r - +0 cloak
rCorr   .            E - +2 pair of gloves
SInv    .            (no boots)
Will    .....        (amulet unavailable) Stlth
                     (ring unavailable)
HPRegen 0.39/turn    (ring unavailable)
MPRegen 0.12/turn    (no gizmo)

%: no passive effects
@: berserking, revved, very quick
A: reduced essence, off-hand wielding, slow wielding, warmup strikes, no
jewellery
a: Invent Gizmo, Renounce Religion, Recall Ancestor, Ancestor Identity


You were on level 10 of the Dungeon.
You worshipped Hepliaklqana.
Hepliaklqana was pleased with you.
You visited 2 branches of the dungeon, and saw 11 of its levels.
You also visited: Ossuary.

You collected 718 gold pieces.
You spent 190 gold pieces at shops.

Inventory:

Hand Weapons
 a - a +0 trident (weapon) {Baqqanum}
 l - a +1 whip of electrocution (offhand) {Shatamurrim}
Missiles
 d - 3 throwing nets (quivered)
 e - a javelin
Armour
 h - a +2 hat (worn)
 r - a +0 cloak (worn)
 y - a +2 ring mail of fire resistance (worn)
 E - a +2 pair of gloves (worn)
Wands
 c - a wand of digging (7)
 q - a wand of iceblast (9)
 v - a wand of flame (43)
Scrolls
 b - 2 scrolls of immolation
 k - 3 scrolls of poison
 n - 2 scrolls of teleportation
 o - 4 scrolls of revelation
 t - a scroll of noise
 u - a scroll of amnesia
 B - 2 scrolls of vulnerability
 G - a scroll of fog {unknown}
Potions
 f - a potion of might {unknown}
 g - 2 potions of ambrosia {unknown}
 i - 8 potions of curing
 m - 2 potions of lignification
 p - 2 potions of haste
 s - a potion of enlightenment
 w - 2 potions of cancellation {unknown}
 x - 2 potions of magic {unknown}
 z - 2 potions of degeneration {unknown}
 C - 2 potions of brilliance {unknown}
 D - 2 potions of mutation {unknown}


   Skills:
 + Level 7.8 Fighting
 * Level 10.2 Polearms
 - Level 1.7 Throwing
 + Level 6.8 Armour
 + Level 7.4 Dodging


You had 10 spell levels left.
You didn't know any spells.
Your spell library contained the following spells:

 Spells                   Type           Power      Damage    Failure   Level
 Slow                     Hex            0%         N/A       58%         1
 Sting                    Conj/Alch      0%         1d3       58%         1
 Blink                    Tloc           0%         N/A       73%         2
 Lesser Beckoning         Tloc           0%         N/A       73%         2
 Mercury Vapours          Alch/Air       0%         N/A       73%         2
 Momentum Strike          Conj/Tloc      0%         3d8       73%         2
 Scorch                   Fire           0%         2d5       73%         2
 Confusing Touch          Hex            0%         N/A       91%         3
 Maxwell's Portable Pile  Tloc           0%         2d(5-13)  91%         3
 Teleport Other           Tloc           0%         N/A       91%         3
 Vampiric Draining        Necr           0%         2d6       91%         3
 Volatile Blastmotes      Fire/Tloc      0%         2d10      91%         3
 Flame Wave               Conj/Fire      0%         2d4       100%        4
 Fulminant Prism          Conj/Alch      0%         3d5       100%        4
 Iskenderun's Mystic Bla Conj/Tloc 0%             2d3        (+2d1     100%        4
 Olgreb's Toxic Radiance  Alch           0%         N/A       100%        4
 Summon Cactus Giant      Summ           0%         N/A       100%        6


Dungeon Overview and Level Annotations

Branches:
Dungeon (10/15)            Temple (1/1) D:4            Lair (0/5) D:9
Ossuary (visited)
    Orc: D:9-12

Altars:
Ashenzari
Cheibriados
Dithmenos
Elyvilon
Fedhas
Gozag
Hepliaklqana
Kikubaaqudgha
Makhleb
Nemelex Xobeh
Okawaru
Qazlal
Ru
Sif Muna
Trog
Uskayaw
Vehumet
Wu Jian
Xom
Yredelemnul
The Shining One

Shops:
D:5 *

Annotations:
D:8 Jeremiah


Innate Abilities, Weirdness & Mutations

Your life essence is reduced to manifest your ancestor. (-10% HP)
You can wield a second weapon in your off-hand.
It takes a long time for you to wield or remove held weapons.
Your first few attacks do less damage.
You cannot equip rings or amulets.


Message History

You are too injured to fight recklessly!
You are too injured to fight recklessly!
You are too injured to fight recklessly!
You barely miss the gargoyle with your +0 trident.
The gargoyle is severely damaged.
You hit the gargoyle but do no damage.
You are too injured to fight recklessly!
You closely miss the gargoyle with your +0 trident.
The gargoyle is severely damaged.
You barely miss the gargoyle with your +1 whip of electrocution.
The gargoyle barely misses you.
You hit the gargoyle but do no damage.
The gargoyle is severely damaged.
You barely miss the gargoyle with your +1 whip of electrocution.
The gargoyle misses you.
You barely miss the gargoyle with your +1 whip of electrocution.
The gargoyle is severely damaged.
You completely miss the gargoyle with your +0 trident.
The gargoyle hits you with a +0 mace!
You hit the gargoyle but do no damage.
The gargoyle is severely damaged.
You closely miss the gargoyle with your +1 whip of electrocution.
The gargoyle hits you with a +0 mace!
* * * LOW HITPOINT WARNING * * *
You hit the gargoyle but do no damage.
The gargoyle is severely damaged.
You completely miss the gargoyle with your +0 trident.
The gargoyle hurls a stone arrow at you.
The stone arrow hits you!
* * * LOW HITPOINT WARNING * * *
You hit the gargoyle but do no damage.
The gargoyle is severely damaged.
You hit the gargoyle with your +0 trident.
The gargoyle barely misses you.
A red film seems to cover your vision as you go berserk!
You feel yourself moving faster!
You feel mighty!
The gargoyle hurls a stone arrow at you.
The stone arrow hits you!
You die...
Hepliaklqana delivers you to your ancestors.

.#........................
.#...................####
.#...................#
.#.....####^####...###
.#[....# ... #.#.# .# ..
#.#.# .# #.#.# .# #.#.# ##
#@# #9# #.# #.# ... ...
... .....


You could see a gargoyle.

Vanquished Creatures
  Gastronok (D:9)
  A tengu warrior (D:9)
  A deep elf pyromancer (D:7)
  A slime creature (D:9)
  Sigmund (D:5)
  7 yaks
  A wyvern (D:9)
  Grum (D:9)
  A steam dragon (D:6)
  3 black bears
  4 orc warriors
  An ogre (D:7)
  2 wolves (D:9)
  An ice beast (D:7)
  A centaur (D:8)
  A phantom (D:5)
  A kobold brigand (D:8)
  Blork the orc (D:5)
  2 bullfrogs
  A gnoll sergeant (D:9)
  2 water moccasin zombies (Ossuary)
  3 scorpions
  4 wights (D:9)
  A burial acolyte (Ossuary)
  5 killer bees
  A howler monkey (D:7)
  2 jellies
  A bombardier beetle (D:4)
  A hound (D:5)
  Crazy Yiuf (D:2)
  4 orc priests
  A sleepcap (D:7)
  Ijyb (D:5)
  3 iguanas
  4 orc wizards
  3 crocodile zombies (Ossuary)
  2 mummies (Ossuary)
  7 adders
  A white imp (D:5)
  4 adder zombies (Ossuary)
  3 dart slugs
  4 ribbon worms
  18 orcs
  6 bats
  6 endoplasms
  3 giant cockroaches
  4 gnoll zombies (Ossuary)
  4 goblins
  10 hobgoblins
  5 jackals
  5 quokkas
  11 ball pythons
  6 frilled lizards
  4 jackal zombies (Ossuary)
  13 kobolds
  An orc zombie (Ossuary)
  5 rats
192 creatures vanquished.

Vanquished Creatures (collateral kills)
  A wyvern (D:10)
  A wraith (D:9)
  An orc warrior (D:10)
  3 killer bees (D:10)
  An orc priest (D:10)
  An orc wizard (D:10)
8 creatures vanquished.

Vanquished Creatures (others)
  An ancestor (D:9)
  2 battlemagi (D:10)
3 creatures vanquished.

Grand Total: 203 creatures vanquished

Notes
Turn   | Place    | Note
-------+----------+-------------------------------------------
     0 | D:1      | inmateoo the Coglin Gladiator began the quest for the Orb.
     0 | D:1      | Reached XP level 1. HP: 16/16 MP: 1/1
    74 | D:1      | Reached XP level 2. HP: 22/22 MP: 2/2
   196 | D:1      | Reached skill level 3 in Polearms
   458 | D:1      | Found a faded altar of an unknown god.
   575 | D:2      | Reached XP level 3. HP: 22/27 MP: 3/3
   706 | D:2      | Reached skill level 1 in Armour
   896 | D:2      | Found a runed translucent door.
   897 | D:2      | Noticed Crazy Yiuf
  1041 | D:2      | Reached XP level 4. HP: 34/34 MP: 4/4
  1237 | D:2      | Killed Crazy Yiuf
  1520 | D:3      | Reached XP level 5. HP: 40/40 MP: 5/5
  1917 | D:4      | Noticed a black bear
  1924 | D:4      | Killed a black bear
  1925 | D:4      | Reached skill level 4 in Polearms
  1979 | D:4      | Reached XP level 6. HP: 47/47 MP: 6/6
  2120 | D:4      | Found a staircase to the Ecumenical Temple.
  2679 | D:5      | Entered Level 5 of the Dungeon
  2708 | Temple   | Entered the Ecumenical Temple
  2777 | D:5      | Reached XP level 7. HP: 52/52 MP: 7/7
  2783 | D:5      | Reached skill level 5 in Polearms
  2838 | D:5      | Found Gojooti's Assorted Antiques.
  2850 | D:5      | Bought a scroll labelled VUYGURH NIADA for 28 gold pieces
  2850 | D:5      | Bought a scroll labelled YSAIHO XEEMYG for 28 gold pieces
  2850 | D:5      | Bought a glowing inky potion for 25 gold pieces
  2852 | D:5      | Bought 3 scrolls labelled UCEUZ BOWKIO for 84 gold pieces
  2852 | D:5      | Bought a glowing inky potion for 25 gold pieces
  2857 | D:5      | Noticed Ijyb
  2868 | D:5      | Killed Ijyb
  2965 | D:5      | Found a basalt altar of Yredelemnul.
  2982 | D:5      | Noticed Blork the orc
  2991 | D:5      | Killed Blork the orc
  3069 | D:5      | Reached XP level 8. HP: 60/60 MP: 8/8
  3358 | D:5      | Noticed Sigmund
  3371 | D:5      | Killed Sigmund
  3372 | D:5      | Reached skill level 6 in Polearms
  3621 | D:6      | Found a sparkling altar of Nemelex Xobeh.
  3937 | D:7      | Reached skill level 5 in Dodging
  3982 | D:7      | Found a sand-covered staircase.
  3985 | D:7      | Identified the +1 leather armour of Rurem {Rampage rC+
                  | Int-3}
  4001 | Ossuary  | Entered an ossuary
  4012 | Ossuary  | Reached skill level 5 in Fighting
  4136 | Ossuary  | Reached XP level 9. HP: 60/68 MP: 9/9
  4146 | Ossuary  | Reached skill level 7 in Polearms
  4406 | D:7      | Noticed a deep elf pyromancer
  4418 | D:7      | Killed a deep elf pyromancer
  4769 | D:7      | Noticed a +0 dagger
  4770 | D:7      | Noticed a +0 hand axe
  4836 | D:7      | Found a hide-covered altar of Uskayaw.
  5089 | D:8      | Noticed Jeremiah
  5089 | D:8      | Noticed a brown ugly thing
  5089 | D:8      | Noticed a cyclops
  5089 | D:8      | Noticed a two-headed ogre
  5090 | D:8      | Noticed a centaur warrior
  5090 | D:8      | Found the amulet of the Air {Inacc Air Fly rElec RMsl}
  5090 | D:8      | Noticed a green ugly thing
  5111 | D:8      | Found a hazy altar of Hepliaklqana.
  5152 | D:8      | Noticed a five-headed hydra
  5187 | D:8      | Reached skill level 5 in Armour
  5450 | D:8      | Became a worshipper of Hepliaklqana the Forgotten
  5466 | D:8      | Noticed a cyclops
  5496 | D:8      | Reached skill level 8 in Polearms
  5770 | D:8      | Reached XP level 10. HP: 32/77 MP: 10/10
  5959 | D:9      | Identified the +3 leather armour of Levity {rC+ Int+4 Dex+2
                  | Stlth-}
  6036 | D:9      | Noticed Grum
  6061 | D:9      | Killed Grum
  6367 | D:9      | Noticed Gastronok
  6368 | D:9      | Reached skill level 9 in Polearms
  6580 | D:9      | Killed Gastronok
  6884 | D:9      | Reached * piety under Hepliaklqana
  7028 | D:9      | Found a staircase to the Lair.
  7100 | D:9      | Noticed a tengu warrior
  7259 | D:9      | Killed a tengu warrior
  7641 | D:9      | Reached XP level 11. HP: 65/75 MP: 11/11
  7696 | D:10     | Entered Level 10 of the Dungeon
  7720 | D:10     | Reached skill level 10 in Polearms
  8134 | D:10     | Found a snail-covered altar of Cheibriados.
  8208 | D:10     | Reached ** piety under Hepliaklqana
  8209 | D:10     | Remembered your ancestor Veutaff as a battlemage
  8494 | D:10     | Killed from afar by a gargoyle

Illustrated notes

Levels and vault maps discovered:
D:1:      minmay_arrival_radiant_lines, layout_basic,
          shapermc_ecumenical_altar_acropolis
D:2:      minmay_diamond_boxcup, layout_rooms, kennysheep_another_room,
          uniq_crazy_yiuf_cottage
D:3:      layout_rooms
D:4:      layout_basic, minmay_temple_entry_from_below_b
D:5:      layout_basic, overflow_temple_1_default, serial_shops, shop,
          minmay_fractal_squares_diagonal_5, uniq_ijyb, uniq_blork_the_orc,
          uniq_sigmund
D:6:      layout_basic, mainiacjoe_overflow_boulevard
D:7:      layout_loops_ring, dancing_weapons_uskayaw,
          nicolae_ossuary_entry_false_entrances, guppyfry_early_elven_hall
D:8:      layout_cave_pools, nicolae_hepliaklqana_hazy_memory, minivault_12,
          uniq_jeremiah
D:9:      layout_long_grid, lair_entry_dummy, minmay_three_doors,
          uniq_gastronok, uniq_grum
D:10:     layout_irregular_city, mainiacjoe_overflow_alcove_2, lemuel_tele_altar
Temple:   nicolae_temple_bog_church

Skill      XL: |  1  2  3  4  5  6  7  8  9 10 11 |
---------------+----------------------------------+-----
Polearms       | 3 4 5 6 8 9 10 | 10.2
Dodging        | 3 4 5 6 7 |  7.4
Armour         | 1 2 3 4 5 6 |  6.8
Fighting       | 3 4 5 6 7 |  7.8
Throwing       | |  1.7

Action                     |  1- 3 |  4- 6 |  7- 9 | 10-12 || total
---------------------------+-------+-------+-------+-------++-------
  Melee: Trident           |    68 |    80 |   262 |   210 ||   620
         Dagger            |    32 |       |       |       ||    32
         Whip              |    27 |    61 |   235 |   163 ||   486
 Invoke: Ancestor Life: Ba |       |       |       |     1 ||     1
  Evoke: Wand              |       |       |       |     8 ||     8
    Use: Scroll            |       |       |    17 |     2 ||    19
         Potion            |       |       |       |     3 ||     3
   Stab: Sleeping          |     1 |       |       |       ||     1
         Invisible         |       |       |       |     3 ||     3
         Distracted        |       |       |       |     4 ||     4
 Armour: Leather armour    |    17 |       |       |       ||    17
         Ring mail         |    11 |    28 |   167 |   172 ||   378
  Dodge: Dodged            |    34 |    31 |   154 |   175 ||   394

Table legend: (Time is in decaauts)
 A = Elapsed time spent in this place.
 B = Non-inter-level travel time spent in this place.
 C = Inter-level travel time spent in this place.
 D = Time resting spent in this place.
 E = Time spent auto-exploring this place.
 F = Levels seen in this place.
 G = Mean time per level.
                   A        B        C        D        E       F      G
               +--------+--------+--------+--------+--------+-----+--------+
         Total |   8534 |   8194 |    340 |   1620 |   4921 |  12 |  711.2 |
       Dungeon |   8328 |   7997 |    331 |   1620 |   4846 |  10 |  832.8 |
        Temple |     24 |     15 |      9 |      0 |      0 |   1 |   24.0 |
       Ossuary |    180 |    180 |      0 |      0 |     75 |   1 |  180.0 |
               +--------+--------+--------+--------+--------+-----+--------+

Top non-repeatable levels by time:
     D:8: 1327 daAuts
     D:9: 1264 daAuts
     D:7: 1063 daAuts
     D:4: 964 daAuts
    D:10: 793 daAuts
     D:5: 783 daAuts
     D:2: 726 daAuts
     D:1: 575 daAuts
     D:3: 456 daAuts
     D:6: 374 daAuts
 Ossuary: 180 daAuts
  Temple: 24 daAuts
